 Dungeon Crawl Stone Soup version 0.29.0-11-gd7f09526c8 (webtiles) character file.

Game seed: 2572901838698406288

3199 sleeves the Covert (level 9, -2/56 HPs)
             Began as an Octopode Delver on Sept 5, 2022.
             Slain by Duvessa
             ... wielding a +1 short sword of venom
              (15 damage)
             ... on level 4 of the Dungeon.
             The game lasted 00:30:54 (9932 turns).

sleeves the Covert (Octopode Delver)                Turns: 9932, Time: 00:30:55

Health: -2/56      AC:  1    Str: 12    XL:     9   Next: 96%
Magic:  13/16      EV: 13    Int: 16    God:
Gold:   377        SH:  0    Dex: 13    Spells: 12/18 levels left

rFire   . . .      SeeInvis .   a - +1 short sword
rCold   . . .      Faith    .   (no shield)
rNeg    . . .      Spirit   .   (helmet restricted)
rPois   .          Reflect  .   (no amulet)
rElec   .          Harm     .   u - ring of resist corrosion
rCorr   +          Rampage  .   (no ring)
Will    .....                   (no ring)
Stlth   +++++++...              (no ring)
HPRegen 0.18/turn               (no ring)
MPRegen 0.15/turn               (no ring)
                                (no ring)
                                (no ring)

@: confusing by touch, hasted, very quick
A: almost no armour, amphibious, 8 rings, camouflage 1, gelatinous body 1,
(nimble swimmer 1), tentacles
a: no special abilities


You were on level 4 of the Dungeon.
You visited 2 branches of the dungeon, and saw 10 of its levels.

You collected 377 gold pieces.

Inventory:

Hand Weapons
 a - a +1 short sword (weapon)
 n - a +0 dagger
   (You took it off a kobold on level 1 of the Dungeon)
 r - a +2 scimitar of flaming
   (You took it off Erica on level 9 of the Dungeon)
Jewellery
 u - a ring of resist corrosion (left tentacle)
   (You found it on level 8 of the Dungeon)
Wands
 f - a wand of digging (3)
 g - a wand of acid (7)
   (You found it on level 7 of the Dungeon)
 q - a wand of polymorph (5)
   (You took it off Erica on level 9 of the Dungeon)
Scrolls
 b - a scroll of fog
 c - 3 scrolls of magic mapping
 e - a scroll of vulnerability
 h - a scroll of acquirement {unknown}
 j - a scroll of fear
 l - 5 scrolls of teleportation
 o - 3 scrolls of enchant armour
 s - 3 scrolls of enchant weapon
 t - a scroll of amnesia
 v - a scroll of summoning
Potions
 d - 2 potions of resistance
 m - 2 potions of brilliance
 p - a potion of ambrosia
 w - a potion of flight {unknown}


   Skills:
 + Level 3.0 Fighting
 - Level 6.4 Short Blades
 + Level 2.0 Dodging
 + Level 14.2 Stealth
 - Level 5.0 Spellcasting
 + Level 5.5 Hexes


You had 12 spell levels left.
You knew the following spells:

 Your Spells              Type           Power      Damage    Failure   Level
a - Confusing Touch       Hex            21%        N/A       4%          3
b - Tukima's Dance        Hex            21%        N/A       4%          3

Your spell library contained the following spells:

 Spells                   Type           Power      Damage    Failure   Level
 Slow                     Hex            84%        N/A       1%          1
 Portal Projectile        Hex/Tloc       24%        N/A       14%         3
 Beastly Appendage        Tmut           8%         N/A       16%         1
 Necrotise                Necr           16%        1d4       16%         1
 Wereblood                Tmut           4%         N/A       22%         2
 Gell's Gravitas          Tloc           4%         N/A       41%         3
 Lesser Beckoning         Tloc           4%         N/A       41%         3
 Spider Form              Tmut/Pois      4%         N/A       41%         3
 Teleport Other           Tloc           4%         N/A       41%         3
 Vampiric Draining        Necr           4%         2d6       41%         3
 Agony                    Necr           4%         N/A       99%         5
 Blade Hands              Tmut           2%         N/A       99%         5


Dungeon Overview and Level Annotations

Branches:
Dungeon (9/15)             Temple (1/1) D:7            Lair (0/5) D:8
    Orc: D:9-12

Altars:
Ashenzari
Cheibriados
Elyvilon
Fedhas
Hepliaklqana
Kikubaaqudgha
Makhleb
Nemelex Xobeh
Okawaru
Qazlal
Ru
Trog
Vehumet
Wu Jian
Xom
Yredelemnul
Zin
The Shining One

Shops:
D:1 !

Annotations:
D:4 Duvessa
D:5 1 runed translucent door, PyroL's ghost, novice DrIE
D:7 exclusion: centaur
D:8 exclusions: centaur and orc priest, Joseph
D:9 exclusions: howler monkey, two-headed ogre and wyvern


Innate Abilities, Weirdness & Mutations

You cannot wear most types of armour.
You are amphibious.
You can wear up to eight rings at the same time.
Your skin changes colour to match your surroundings (Stealth+).
Your rubbery body absorbs attacks. (AC +1, EV +1)
((You are camouflaged when in or above water. (Stealth+)))
You have tentacles for arms and can constrict up to eight enemies at once.


Message History

The orc is severely wounded.
You constrict the orc. The orc hits you with a +0 club.
You hit the orc.
You kill the orc!
No target in view!
No target in view!
You start resting.
HP restored.
There is a stone staircase leading down here.
You climb downwards.
There is a stone staircase leading up here.
Found a hand axe.
Found a club.
j - a scroll of identify
Found a stone staircase leading down.
Found 2 stones.
Found a scimitar.
You see here a book of Changes.
You pick up a book of Changes and begin reading...
You add the spells Beastly Appendage, Wereblood and Spider Form to your library.
You start waiting.
A necrophage is nearby!
The necrophage hits you.
You closely miss the necrophage. Your grab misses the necrophage.
Your squeeze misses the necrophage. The necrophage closely misses you.
You hit the necrophage but do no damage.
Your grab misses the necrophage. The necrophage hits you.
You feel drained.
You hit the necrophage but do no damage.
You grab the necrophage. You tentacle-slap the necrophage.
You squeeze the necrophage.
The necrophage is lightly damaged.
You constrict the necrophage. The necrophage barely misses you.
You hit the necrophage.
The necrophage is moderately damaged.
You constrict the necrophage. The necrophage barely misses you.
You hit the necrophage.
The necrophage is moderately damaged.
You constrict the necrophage. You hit the necrophage.
You squeeze the necrophage, but do no damage.
The necrophage is severely damaged.
You constrict the necrophage. The necrophage closely misses you.
You barely miss the necrophage.
The necrophage is almost destroyed.
You constrict the necrophage. The necrophage closely misses you.
You puncture the necrophage!
You destroy the necrophage!
You feel your strength returning.
Your life force feels restored.
Okay, then.
Okay, then.
As you read the scroll of identify, it crumbles to dust.
g - a potion of attraction You drop a potion of attraction.
Okay, then.
Okay, then.
Unknown command.
You don't know any spells.
Unknown command.
Okay, then.
You don't know any spells.
Unknown command.
HP restored.
g - a scroll of identify Key pressed, stopping explore.
A jelly comes into view.
Found a book of Necromancy.
Found 14 gold pieces.
Found a stone staircase leading down.
The helpless jelly fails to defend itself.
You spit the jelly like a pig!!!
You kill the jelly!
Your Short Blades skill increases to level 6!
You have reached level 8!
You now have 213 gold pieces (gained 14).
g - 2 scrolls of identify (gained 1)
The orc shouts!
The orc throws a boomerang.
The boomerang hits you.
The orc throws a boomerang.
The boomerang misses you.
You start resting.
An orc is nearby!
There is a stone staircase leading up here.
You hit the orc. You grab the orc.
The orc is heavily wounded.
You constrict the orc. You hit the orc.
You kill the orc!
Done exploring.
Done exploring.
Done exploring.
Done exploring.
(D) Dungeon
Where to? (Enter - D:6 @ (x,y), ? - help)
There is a stone staircase leading down here.
You climb downwards.
Found an escape hatch in the ceiling.
There is a stone staircase leading up here.
There is an escape hatch in the ceiling here.
A gnoll comes into view. It is wielding a +0 flail.
The gnoll shouts!
A gnoll is nearby!
A gnoll is nearby!
You start waiting.
A gnoll is nearby!
You hit the gnoll. Your grab misses the gnoll. You squeeze the gnoll.
The gnoll is severely wounded.
You hit the gnoll. Your grab misses the gnoll. Your squeeze misses the gnoll.
The gnoll is severely wounded.
The gnoll hits you with a +0 flail.
You hit the gnoll.
You kill the gnoll!
HP restored.
Things that are here:
a +0 flail; a gnoll corpse A sky beast comes into view.
A sky beast is nearby!
A sky beast is nearby!
A gnoll sergeant comes into view. It is wielding a +0 trident.
Things that are here:
a +0 flail; a gnoll corpse
There is a stone staircase leading up here.
You climb upwards.
There is a stone staircase leading down here.
There is a stone staircase leading down here.
You climb downwards.
Found a scroll of identify and a leather armour.
There is a stone staircase leading up here.
The helpless howler monkey fails to defend itself.
You stick the howler monkey like a pincushion!!!
You kill the howler monkey!
You feel your strength returning.
You see here a howler monkey corpse.
The helpless howler monkey fails to defend itself.
You skewer the howler monkey like a kebab!!!
You kill the howler monkey!
g - 3 scrolls of identify (gained 1)
Found a shimmering altar of Xom.
As you read the scroll of identify, it crumbles to dust.
i - a scroll of blinking
As you read the scroll of identify, it crumbles to dust.
e - a scroll of vulnerability
As you read the scroll of identify, it crumbles to dust.
m - a potion of brilliance
Found a dagger.
Found a ring mail.
You now have 227 gold pieces (gained 14).
Found a stone staircase leading up.
A sky beast is nearby!
A sky beast is nearby!
You see here a +0 dagger.
A black bear comes into view.
Found 14 gold pieces.
The helpless black bear fails to defend itself.
You stick the black bear like a pincushion!!!
You kill the black bear!
You feel your intelligence returning.
Found a sharpened silver wand.
Found an arbalest.
Found a scroll of enchant armour and a falchion.
You now have 241 gold pieces (gained 14).
o - 3 scrolls of enchant armour (gained 1)
g - a wand of acid (8)
You see here a +0 arbalest.
Found a robe.
You now have 246 gold pieces (gained 5).
j - a scroll of identify You pick up a book of Weapons and begin reading...
You add the spells Tukima's Dance, Portal Projectile and Blade Hands to your library.
A sky beast is nearby!
Okay, then.
Okay, then.
You don't know any spells.
Unknown command.
This spell is quite dangerous to cast!
Memorise Confusing Touch, consuming 3 spell levels and leaving 4?
Okay, then.
Unknown command.
Okay, then.
Unknown command.
This spell is quite dangerous to cast!
Memorise Confusing Touch, consuming 3 spell levels and leaving 4?
You start memorising the spell.
You continue memorising. x3
You finish memorising.
Spell assigned to 'a'.
This spell is quite dangerous to cast!
Memorise Tukima's Dance, consuming 3 spell levels and leaving 1?
You start memorising the spell.
You continue memorising. x3
You finish memorising.
Spell assigned to 'b'.
A sky beast is nearby!
A sky beast is nearby!
Found a scroll labelled ITIACE ZIJIO.
A centaur comes into view.
A centaur is nearby!
Unknown command.
Found a stone staircase leading down.
Found a stone staircase leading down.
Found a fizzy dark potion.
p - a fizzy dark potion
There is a stone staircase leading down here.
You climb downwards.
There is a stone staircase leading up here.
m - 2 potions of brilliance (gained 1)
An orc priest comes into view. It is wielding a +0 flail.
An orc priest is nearby!
(D) Dungeon
Where to? (Enter - D:6 @ (x,y), ? - help)
Okay, then.
A centaur comes into view.
Unknown command.
You open the door.
There is an open door here.
Found a shortbow and a scroll of teleportation.
Found a pair of embroidered boots and a great mace.
A wight comes into view.
It is wielding a +1 short sword of draining.
There is an open door here.
You close the door.
There is a stone staircase leading up here.
You climb upwards.
Level annotation: exclusion: centaur
There is a stone staircase leading down here.
There is a stone staircase leading down here.
You climb downwards.
Level annotation: exclusions: centaur and orc priest, Joseph
There is a stone staircase leading up here. 2 orcs come into view.
The orc shouts!
You hear a shout! x3
There is a stone staircase leading up here.
You climb upwards.
Level annotation: exclusion: centaur
There is a stone staircase leading down here.
There is a stone staircase leading down here.
You climb downwards.
Level annotation: exclusions: centaur and orc priest, Joseph
There is a stone staircase leading up here.
Found a stone staircase leading down.
There is a stone staircase leading down here.
You climb downwards.
There is a stone staircase leading up here.
There is a stone staircase leading up here.
Erica the Fiery-Tempered comes into view.
She is wielding a +2 scimitar of flaming and carrying a wand of polymorph (5).
Found a scroll of teleportation.
The helpless Erica fails to defend herself.
You skewer Erica like a kebab!!! Your grab misses Erica.
You squeeze Erica, but do no damage.
Erica is severely wounded.
You hit Erica but do no damage. You grab Erica.
Erica is severely wounded.
You constrict Erica.
Erica casts a spell.
Erica flickers and vanishes!
Deactivating autopickup; reactivate with Ctrl-A.
Okay, then.
You hit something. You squeeze something! You constrict something.
Something hits you! Something burns you.
Aiming: Corrosive Bolt
Press: ? - help, Shift-Dir - straight line The bolt of acid hits something!
The acid corrodes something!
Reactivating autopickup.
You feel a bit more experienced.
You feel your intelligence returning.
Your Stealth skill increases to level 12!
Your Spellcasting skill gained 2 levels and is now at level 2!
Your Hexes skill gained 3 levels and is now at level 3!
q - a wand of polymorph (5)
Things that are here:
a +2 scimitar of flaming; a +0 robe; the human corpse of Erica
r - a +2 scimitar of flaming You start resting.
Magic restored.
You start resting.
HP restored.
l - 5 scrolls of teleportation (gained 1)
You open the door.
There is an open door here.
A yak comes into view.
There is an open door here.
You close the door.
You open the door.
There is an open door here.
A yak comes into view.
There is an open door here.
You close the door.
You open the door.
There is an open door here.
Found a stone staircase leading down.
You open the door.
A howler monkey and a two-headed ogre come into view.
There are monsters nearby!
You close the door.
There's nothing to close nearby.
Stopped running for exclusion.
Stopped running for exclusion.
Found a runed spear.
There is a stone staircase leading down here.
You open the door.
There is an open door here.
You open the door.
There is an open door here.
A wyvern comes into view.
A wyvern is nearby!
A wyvern is nearby!
A wyvern is nearby!
There is an open door here.
There's nothing to close nearby.
You close the door.
Stopped running for exclusion.
Really wriggle into a travel-excluded area? [Y]es or [N]o only, please.
Really wriggle into a travel-excluded area? [Y]es or [N]o only, please.
Really wriggle into a travel-excluded area? [Y]es or [N]o only, please.
Really wriggle into a travel-excluded area? [Y]es or [N]o only, please.
Really wriggle into a travel-excluded area?
Okay, then.
Found a scroll labelled BOINWU DEMILL.
A steam dragon comes into view. 3 yaks come into view.
Found 14 gold pieces.
Found a runed scarf.
The helpless steam dragon fails to defend itself.
You skewer the steam dragon like a kebab!!!
You kill the steam dragon!
Your Spellcasting skill increases to level 3!
You have reached level 9!
Your experience leads to an increase in your attributes!
Increase (S)trength, (I)ntelligence, or (D)exterity?
You feel clever. x2
Okay, then.
Cast which spell? (? or * to list)
You don't know that spell.
Unknown command.
Cast which spell? (? or * to list)
Your tentacles begin to glow red.
You hit the yak but do no damage.
The yak appears confused.
You hit the yak but do no damage. You squeeze the yak, but do no damage.
The yak misses you.
You catch the helpless yak completely off-guard!
You impale the yak!! You squeeze the yak.
The yak is almost dead.
The yak barely misses you.
You completely miss the yak.
The yak is almost dead.
The yak gores you!
You hit the yak.
The yak is almost dead.
The yak barely misses you.
You hit the yak but do no damage.
The yak is almost dead.
You barely miss the yak. You squeeze the yak.
You kill the yak!
Your Stealth skill increases to level 13!
You start resting.
Magic restored.
You start resting.
HP restored.
Okay, then.
Okay, then.
Press: ? - help, v - describe, . - travel, g - get item Item here: a runed scarf.
The floor.
Found 12 gold pieces.
An orc comes into view. It is wielding a +0 whip.
The helpless yak fails to defend itself.
You stick the yak like a pincushion!!!
You kill the yak!
An orc warrior comes into view. It is wielding a +0 war axe.
The helpless yak fails to defend itself.
You stick the yak like a pincushion!!!
You kill the yak!
An orc comes into view. It is wielding a +0 falchion.
Your Hexes skill increases to level 4!
You start waiting.
An orc is nearby!
You strike the helpless orc from behind!
You impale the orc!!
You kill the orc!
You now have 264 gold pieces (gained 18).
Things that are here:
a +0 whip; a +0 ring mail; an orc corpse A yak comes into view.
You see here a yak corpse.
The yak barely misses you.
Unknown command.
Casting: Confusing Touch (dangerous; 10% risk of failure)
Confirm with . or Enter, or press ? or * to list all spells.
Your tentacles begin to glow red.
The yak barely misses you.
You hit the yak but do no damage.
The yak appears confused.
The yak misses you.
You barely miss the yak. The yak closely misses you.
The yak gores itself.
The orc warrior shouts!
You hit the yak but do no damage.
The yak is lightly wounded.
You hear a shout!
Casting: Confusing Touch (dangerous; 10% risk of failure)
Confirm with . or Enter, or press ? or * to list all spells.
Aiming: Tukima's Dance (dangerous; 10% risk of failure)
Press: ? - help, Shift-Dir - straight line, f - orc warrior
Aim: an orc warrior, wielding a +0 war axe and wearing a +0 chain mail (chance to affect: 50%)
The +0 war axe dances into the air!
You hit the yak.
The yak is moderately wounded.
The yak completely misses itself.
The orc warrior closely misses you.
Casting: Tukima's Dance (dangerous; 10% risk of failure)
Confirm with . or Enter, or press ? or * to list all spells.
You miscast Confusing Touch.
You are very lightly contaminated with residual magic.
Nothing appears to happen.
The yak gores you. The orc warrior hits you!
Casting: Confusing Touch (dangerous; 10% risk of failure)
Confirm with . or Enter, or press ? or * to list all spells.
Your tentacles begin to glow red.
The orc warrior hits you!
* * * LOW HITPOINT WARNING * * *
The orc hits your +0 war axe with a +0 falchion.
You hit the orc warrior but do no damage.
You grab the orc warrior.
You constrict the orc warrior, but do no damage.
Your +0 war axe hits the orc warrior but does no damage.
Your +0 war axe hits the orc.
You hit the orc warrior but do no damage.
You constrict the orc warrior, but do no damage.
The orc warrior completely misses you.
The orc hits your +0 war axe with a +0 falchion.
Your +0 war axe falls from the air.
The yak gores itself!
You hit the orc warrior but do no damage.
You constrict the orc warrior, but do no damage.
The orc warrior hits you!
* * * LOW HITPOINT WARNING * * *
You hit the orc warrior but do no damage.
You constrict the orc warrior.
The yak seems less confused.
An orc comes into view. It is wielding a +0 club.
The orc warrior closely misses you.
You feel much better.
You constrict the orc warrior. The orc warrior closely misses you.
Blink to where?
Press: ? - help, Dir - move target, p - orc warrior You lose your grip on the orc warrior.
As you read the scroll of blinking, it crumbles to dust.
Casting: Confusing Touch (dangerous; 10% risk of failure)
Confirm with . or Enter, or press ? or * to list all spells.
Your tentacles begin to glow brighter.
* * * LOW MAGIC WARNING * * *
The yak gores you!
Your magical contamination has completely faded away.
You closely miss the yak.
The yak is severely wounded.
The yak gores you!
* * * LOW HITPOINT WARNING * * *
You hit the yak but do no damage.
The yak is severely wounded.
You hit the yak but do no damage.
The yak appears confused.
The yak is severely wounded.
The yak completely misses you.
The yak gores the orc warrior!
An orc warrior is nearby!
Okay, then.
You see here a +0 robe.
There is a stone staircase leading up here.
You start resting.
Magic restored.
You start resting.
HP restored.
You see here a +0 robe.
An orc warrior is nearby!
An orc warrior is nearby!
The orc warrior shouts!
A hornet comes into view.
You see here a +0 robe.
Casting: Confusing Touch (dangerous; 10% risk of failure)
Confirm with . or Enter, or press ? or * to list all spells.
Your tentacles begin to glow red.
You hit the orc warrior but do no damage.
The orc warrior appears confused.
Your grab misses the orc warrior. Your squeeze misses the orc warrior.
The orc warrior hits you!
You hit the orc warrior. You grab the orc warrior.
The orc warrior is lightly wounded.
You constrict the orc warrior.
The orc warrior struggles to escape constriction.
You hit the orc warrior.
The orc warrior is moderately wounded.
You constrict the orc warrior, but do no damage.
The orc shouts!
You hit the orc warrior.
You squeeze the orc warrior, but do no damage.
The orc warrior is heavily wounded.
You constrict the orc warrior, but do no damage.
The orc warrior hits you!
The orc warrior hits itself.
You hit the orc warrior but do no damage.
You squeeze the orc warrior, but do no damage.
The orc warrior is severely wounded.
You constrict the orc warrior. The orc closely misses you.
You catch the helpless orc warrior completely off-guard!
You puncture the orc warrior!
You kill the orc warrior!
Your Spellcasting skill increases to level 4!
You hit the orc. You grab the orc.
The orc is almost dead.
You constrict the orc.
You kill the orc!
Casting: Confusing Touch (dangerous; 9% risk of failure)
Confirm with . or Enter, or press ? or * to list all spells.
Your tentacles begin to glow red.
You hit the orc but do no damage.
The orc appears confused.
You grab the orc. You constrict the orc. The orc closely misses you.
The orc hits itself but does no damage.
You hit the orc. You squeeze the orc.
You kill the orc!
You now have 274 gold pieces (gained 10).
Things that are here:
a +0 falchion; a +0 scale mail; a +0 club
h - a scroll labelled PUMUEXZIKABB You now have 280 gold pieces (gained 6).
Things that are here:
a +0 chain mail; an orc corpse You see here a +0 robe.
There is a stone staircase leading up here.
You climb upwards.
Level annotation: exclusions: centaur and orc priest, Joseph
There is a stone staircase leading down here.
You start resting.
Magic restored.
You start resting.
HP restored.
Found a potion of haste.
i - a potion of haste
Found 14 gold pieces.
You now have 294 gold pieces (gained 14).
Found a staircase to the Lair.
u - a ring of resist corrosion
u - a ring of resist corrosion (left tentacle)
Found 6 poisoned darts.
Found an escape hatch in the floor.
Found a stone staircase leading up.
You now have 309 gold pieces (gained 15).
There is a stone staircase leading up here.
An ice beast comes into view.
(D) Dungeon (L) Lair
Where to? (Enter - D:7 @ (x,y), ? - help)
Okay, then.
There is an escape hatch in the floor here.
Casting: Confusing Touch (dangerous; 9% risk of failure)
Confirm with . or Enter, or press ? or * to list all spells.
Your tentacles begin to glow red.
You barely miss the ice beast. The ice beast hits you.
The ice beast freezes you!
You barely miss the ice beast. You squeeze the ice beast.
The ice beast is lightly wounded.
You hit the ice beast but do no damage.
The ice beast is lightly wounded.
The ice beast hits you. The ice beast freezes you!
You closely miss the ice beast.
You squeeze the ice beast, but do no damage.
The ice beast is lightly wounded.
The ice beast hits you. The ice beast freezes you!
* * * LOW HITPOINT WARNING * * *
You hit the ice beast but do no damage.
The ice beast appears confused.
Your squeeze misses the ice beast.
The ice beast is lightly wounded.
You strike the helpless ice beast from behind!
You impale the ice beast!!
You kill the ice beast!
There is a stone staircase leading up here.
You start resting.
Magic restored.
You start resting.
HP restored.
Unknown command.
You climb upwards.
Level annotation: exclusion: centaur
Found 4 stones and 2 gold pieces.
Found an escape hatch in the floor.
There is a stone staircase leading down here.
The helpless sky beast fails to defend itself.
You perforate the sky beast like a sieve!!!
You kill the sky beast!
You now have 311 gold pieces (gained 2).
k - 2 potions of curing (gained 1)
A sky beast is nearby!
A sky beast is nearby!
A sky beast is nearby!
Casting: Confusing Touch (dangerous; 8% risk of failure)
Confirm with . or Enter, or press ? or * to list all spells.
Your tentacles begin to glow red.
You hit the sky beast but do no damage. You squeeze the sky beast!
The sky beast is moderately wounded.
You hit the sky beast but do no damage. You squeeze the sky beast.
The sky beast is moderately wounded.
The sky beast closely misses you.
You closely miss the sky beast.
The sky beast is moderately wounded.
The sky beast closely misses you.
You completely miss the sky beast. Your squeeze misses the sky beast.
The sky beast is moderately wounded.
The sky beast barely misses you.
You hit the sky beast but do no damage.
The sky beast is moderately wounded.
The sky beast hits you. The sky beast shocks you.
You hit the sky beast but do no damage.
The sky beast is moderately wounded.
You hit the sky beast but do no damage. You squeeze the sky beast!
The sky beast is severely wounded.
The sky beast completely misses you.
You hit the sky beast but do no damage.
The sky beast appears confused.
You squeeze the sky beast.
The sky beast is severely wounded.
The sky beast closely misses you.
You hit the sky beast but do no damage. You squeeze the sky beast.
The sky beast is severely wounded.
The sky beast flickers out of sight!
Deactivating autopickup; reactivate with Ctrl-A.
Something hits you. Something shocks you.
No target in view!
You barely miss something. Your squeeze misses something. You hit something.
Your squeeze misses something. Something hits you. Something shocks you.
You barely miss something. You hit something.
Reactivating autopickup.
You feel a bit more experienced.
You start resting.
Magic restored.
HP restored.
An orc priest and a gnoll come into view.
Found a staircase to the Ecumenical Temple.
There are monsters nearby!
There are monsters nearby!
The orc priest shouts!
Casting: Confusing Touch (dangerous; 7% risk of failure)
Confirm with . or Enter, or press ? or * to list all spells.
You miscast Confusing Touch.
You are very lightly contaminated with residual magic.
Nothing appears to happen.
The orc priest closely misses you.
You hit the orc priest but do no damage.
Your grab misses the orc priest.
Casting: Confusing Touch (dangerous; 7% risk of failure)
Confirm with . or Enter, or press ? or * to list all spells.
Your tentacles begin to glow red.
The orc priest calls down the wrath of Beogh upon you.
Pain shoots through your body!
You hit the orc priest but do no damage.
The orc priest appears confused.
You grab the orc priest. You squeeze the orc priest.
The orc priest is moderately wounded.
You constrict the orc priest.
The orc priest struggles to escape constriction.
You hit the orc priest.
The orc priest is heavily wounded.
You constrict the orc priest.
The orc priest mumbles something.
The orc priest struggles to escape constriction.
You hit the orc priest.
You kill the orc priest!
Things that are here:
a +0 dagger; a +0 leather armour Your magical contamination has completely faded away.
There is a staircase to the Ecumenical Temple here.
You climb downwards.
Welcome to the Ecumenical Temple!
There is a staircase back to the Dungeon here.
HP restored.
Magic restored.
Found an ornate altar of the Wu Jian Council.
Found a sacrificial altar of Ru and an iron altar of Okawaru.
Found an ancient bone altar of Kikubaaqudgha.
Found a bloodstained altar of Trog.
Found a burning altar of Makhleb.
Found a blossoming altar of Fedhas.
Found a hazy altar of Hepliaklqana.
Found a broken altar of Ashenzari.
Found a radiant altar of Vehumet.
Found a snail-covered altar of Cheibriados.
Done exploring.
Done exploring.
Done exploring.
Done exploring.
Done exploring.
There is a blossoming altar of Fedhas here.
(D) Dungeon (T) Temple (L) Lair
Where to? (Enter - D:7 @ (x,y), ? - help)
There is a staircase back to the Dungeon here.
You climb upwards.
Welcome back to the Dungeon!
Level annotation: exclusion: centaur
There is a staircase to the Ecumenical Temple here.
You now have 330 gold pieces (gained 19).
A gnoll sergeant is nearby!
A gnoll sergeant is nearby!
Casting: Confusing Touch (dangerous; 7% risk of failure)
Confirm with . or Enter, or press ? or * to list all spells.
You don't know that spell.
A gnoll comes into view. It is wielding a +0 club.
There is a stone staircase leading up here.
You climb upwards.
There is a stone staircase leading down here.
There is a stone staircase leading up here.
You climb upwards.
Level annotation: 1 runed translucent door, PyroL's ghost, novice DrIE
There is a stone staircase leading down here.
There is a stone staircase leading down here.
A phantom is nearby!
A phantom is nearby!
A phantom is nearby!
No target in view!
An ogre comes into view. It is wielding a +0 giant club.
The helpless ogre fails to defend itself.
You skewer the ogre like a kebab!!!
You kill the ogre!
As you read the scroll of identify, it crumbles to dust.
p - a potion of ambrosia A phantom is nearby!
A phantom is nearby!
A phantom is nearby!
You catch the helpless phantom completely off-guard!
You impale the phantom!! You squeeze the phantom!
You destroy the phantom!
d - 2 potions of resistance (gained 1)
An orc wizard is nearby!
An orc wizard is nearby!
An orc wizard is nearby!
An orc wizard is nearby!
The orc wizard shouts!
Casting: Confusing Touch (dangerous; 6% risk of failure)
Confirm with . or Enter, or press ? or * to list all spells.
Your tentacles begin to glow red.
The orc wizard hits you with a +0 dagger.
You closely miss the orc wizard. Your grab misses the orc wizard.
The orc wizard hits you with a +0 dagger.
You hit the orc wizard but do no damage.
Your grab misses the orc wizard. The orc wizard casts a spell at you.
You are confused.
You bump into the rock wall.
The orc wizard hits you with a +0 dagger.
The dart slug launches a dart at you. The slug dart misses you.
You hit the orc wizard but do no damage.
Your squeeze misses the orc wizard.
The orc wizard hits you with a +0 dagger.
You bump into the rock wall.
The dart slug launches a dart at you. The slug dart misses you.
The orc wizard hits you with a +0 dagger.
You hit the orc wizard but do no damage.
The orc wizard appears confused.
You're too confused to move!
The orc wizard misses you. The dart slug closely misses you.
You closely miss the orc wizard.
The orc wizard hits the dart slug with a +0 dagger.
The dart slug barely misses you.
You feel less confused. The orc wizard closely misses you.
The dart slug barely misses you.
You catch the helpless orc wizard completely off-guard!
You impale the orc wizard!!
You kill the orc wizard!
The dart slug launches a dart at you. The slug dart hits you.
Your Hexes skill increases to level 5!
You hit the dart slug. You grab the dart slug. You squeeze the dart slug.
You kill the dart slug!
Magic restored.
HP restored.
j - a scroll of fear You now have 341 gold pieces (gained 11).
Things that are here:
a +0 dagger; a +0 robe An ogre is nearby!
An ogre is nearby!
An ogre is nearby!
Casting: Confusing Touch (dangerous; 6% risk of failure)
Confirm with . or Enter, or press ? or * to list all spells.
Aiming: Tukima's Dance (dangerous; 6% risk of failure)
Press: ? - help, Shift-Dir - straight line, f - ogre
Aim: an ogre, wielding a +0 giant spiked club (wandering, hasn't noticed you, chance to affect: 51%)
The ogre shouts!
The +0 giant spiked club dances into the air!
Casting: Tukima's Dance (dangerous; 6% risk of failure)
Confirm with . or Enter, or press ? or * to list all spells.
Your tentacles begin to glow red.
The ogre hits your +0 giant spiked club.
Your +0 giant spiked club falls from the air.
An iguana comes into view.
You completely miss the ogre. You squeeze the ogre.
The ogre is lightly wounded.
The ogre hits you.
You hit the ogre but do no damage.
The ogre appears confused.
The ogre is lightly wounded.
You hit the ogre.
The ogre is moderately wounded.
The ogre mumbles something.
Casting: Confusing Touch (dangerous; 6% risk of failure)
Confirm with . or Enter, or press ? or * to list all spells.
Your tentacles begin to glow red.
The iguana bites you!
You hit the iguana but do no damage.
The iguana appears confused.
You grab the iguana.
You constrict the iguana, but do no damage.
The ogre hits itself!
You strike the helpless iguana from behind!
You impale the iguana!!
You kill the iguana!
You hit the ogre. You squeeze the ogre.
The ogre is almost dead.
The ogre closely misses you.
You hit the ogre but do no damage.
The ogre is almost dead.
You catch the helpless ogre completely off-guard!
You impale the ogre!!
You kill the ogre!
You see here an ogre corpse.
You see here a +0 giant spiked club.
There is an open door here.
w - a gluggy blue potion You open the door.
A jelly comes into view.
A jelly is nearby!
There is an open door here.
The helpless jelly fails to defend itself.
You stick the jelly like a pincushion!!!
You kill the jelly!
An orc comes into view. It is wielding a +0 short sword.
The helpless orc fails to defend itself.
You stick the orc like a pincushion!!!
You kill the orc!
You see here a +0 short sword.
Found a sling.
An iguana and an acid dragon come into view.
Found 13 gold pieces.
The iguana hisses angrily.
Casting: Confusing Touch (dangerous; 5% risk of failure)
Confirm with . or Enter, or press ? or * to list all spells.
Your tentacles begin to glow red.
Unknown command.
You start resting.
An iguana is nearby!
The iguana barely misses you.
You hit the iguana but do no damage. You grab the iguana.
You constrict the iguana. The iguana bites you!
You hit the iguana but do no damage.
The iguana is lightly wounded.
You constrict the iguana, but do no damage.
You hit the iguana but do no damage.
The iguana appears confused.
Your squeeze misses the iguana.
The iguana is lightly wounded.
You constrict the iguana. The iguana closely misses you.
You hit the iguana but do no damage.
The iguana is lightly wounded.
You constrict the iguana. The iguana bites you!
The iguana bites itself!
You hit the iguana.
You squeeze the iguana, but do no damage.
The iguana is almost dead.
You constrict the iguana.
You kill the iguana!
Your Stealth skill increases to level 14!
You start resting.
Magic restored.
You start resting.
HP restored.
Found 23 gold pieces.
An adder and an iguana come into view.
There are monsters nearby!
The helpless iguana fails to defend itself.
You perforate the iguana like a sieve!!!
You kill the iguana!
A black bear comes into view.
The black bear growls angrily.
You hear a roar!
The adder hisses angrily.
The adder bites you.
You barely miss the adder. Your grab misses the adder. You squeeze the adder.
The adder is moderately wounded.
The adder bites you.
The black bear attacks as you move away!
The black bear closely misses you. The black bear misses you.
The black bear claws you. The adder closely misses you.
Casting: Confusing Touch (dangerous; 5% risk of failure)
Confirm with . or Enter, or press ? or * to list all spells.
Your tentacles begin to glow red.
The adder bites you but does no damage.
You hit the adder but do no damage.
The adder appears confused.
You grab the adder.
The adder is moderately wounded.
You constrict the adder. You hit the adder.
The adder is almost dead.
You constrict the adder.
You kill the adder!
Casting: Confusing Touch (dangerous; 5% risk of failure)
Confirm with . or Enter, or press ? or * to list all spells.
Your tentacles begin to glow red.
The black bear bites you. The black bear closely misses you.
The black bear claws you.
You hit the black bear but do no damage.
The black bear appears confused.
You grab the black bear. You squeeze the black bear!
The black bear is moderately wounded.
You constrict the black bear. The black bear barely misses you. x2
The black bear claws you.
You strike the helpless black bear from behind!
You impale the black bear!!
The black bear is almost dead.
You constrict the black bear.
You kill the black bear!
You start resting.
An acid dragon is nearby!
An acid dragon is nearby!
You start resting.
Magic restored.
You start resting.
HP restored.
An acid dragon is nearby!
An acid dragon is nearby!
You start waiting.
An acid dragon is nearby!
Casting: Confusing Touch (dangerous; 4% risk of failure)
Confirm with . or Enter, or press ? or * to list all spells.
Your tentacles begin to glow red.
You start resting.
An acid dragon is nearby!
The acid dragon roars!
The acid dragon bites you! The acid dragon claws you.
You hit the acid dragon but do no damage.
The acid dragon appears confused.
You completely miss the acid dragon. You squeeze the acid dragon.
The acid dragon is lightly wounded.
The acid dragon barely misses you. The acid dragon claws you.
You barely miss the acid dragon.
You squeeze the acid dragon, but do no damage.
The acid dragon is lightly wounded.
The acid dragon bites you! The acid dragon misses you.
You barely miss the acid dragon. You squeeze the acid dragon.
The acid dragon is moderately wounded.
You strike the helpless acid dragon from behind!
You impale the acid dragon!!
You kill the acid dragon!
Your Spellcasting skill increases to level 5!
Magic restored.
You start resting.
HP restored.
Okay, then.
Okay, then.
Okay, then.
Okay, then.
Things that are here:
a black bear skeleton; an adder skeleton You see here 13 gold pieces.
You now have 358 gold pieces (gained 17).
There are no items here.
You see here 6 gold pieces.
You now have 364 gold pieces (gained 6).
You now have 377 gold pieces (gained 13).
There are no items here.
Things that are here:
a black bear skeleton; an adder skeleton An iguana is nearby!
An iguana is nearby!
The iguana hisses angrily.
You hit the iguana. You grab the iguana.
You squeeze the iguana, but do no damage.
The iguana is moderately wounded.
You constrict the iguana, but do no damage.
The iguana bites you!
You hit the iguana but do no damage. You squeeze the iguana.
The iguana is heavily wounded.
You constrict the iguana. The iguana bites you.
You hit the iguana but do no damage. You squeeze the iguana.
The iguana is almost dead.
You constrict the iguana.
You kill the iguana!
You see here a +0 short sword.
There is an open door here.
There is an open door here.
You see here a +0 giant spiked club.
There is a stone staircase leading up here.
Key pressed, stopping explore.
A two-headed ogre comes into view.
It is wielding a +0 dire flail and a +0 giant spiked club.
A two-headed ogre is nearby!
There is a stone staircase leading up here.
You climb upwards.
Level annotation: Duvessa Duvessa hits you with a +1 short sword of venom.
You are poisoned.
Duvessa misses you.
There is a stone staircase leading down here.
Casting: Confusing Touch (dangerous; 4% risk of failure)
Confirm with . or Enter, or press ? or * to list all spells.
Your tentacles begin to glow red.
You feel sick.
Duvessa hits you with a +1 short sword of venom.
You are more poisoned.
Duvessa hits you with a +1 short sword of venom!
You feel yourself speed up.
You feel very sick.
Duvessa hits you with a +1 short sword of venom!
* * * LOW HITPOINT WARNING * * *
You are lethally poisoned!
You feel better. Duvessa closely misses you.
You hit Duvessa but do no damage. You grab Duvessa. You squeeze Duvessa.
Duvessa is lightly wounded.
You constrict Duvessa, but do no damage.
Duvessa misses you.
You hit Duvessa but do no damage.
Duvessa is lightly wounded.
You constrict Duvessa, but do no damage.
Duvessa hits you with a +1 short sword of venom!
* * * LOW HITPOINT WARNING * * *
You are lethally poisoned!
You feel better.
You constrict Duvessa.
Duvessa hits you with a +1 short sword of venom!
You die...

#...##...# #.....<###
##...### ##..### ##..##
## ##.### .## #######.##
..### #.....e### ##..##
#....@...## ###..###
##.........##
.....(.####...........#
......#..##...........##
......##..#............#
####.#####............(#
### #.............##
##.>............#
###...............#


You could see Duvessa (berserk).

Vanquished Creatures
  Erica (D:9)
  3 yaks (D:9)
  A steam dragon (D:9)
  Menkaure (D:5)
  An acid dragon (D:5)
  3 sky beasts
  2 black bears
  An orc warrior (D:9)
  An ice beast (D:8)
  2 ogres (D:5)
  2 phantoms (D:5)
  A bullfrog (D:5)
  A necrophage (D:6)
  2 scorpions
  Dowan (D:4)
  3 howler monkeys
  A hound (D:5)
  2 jellies
  An orc priest (D:7)
  4 iguanas (D:5)
  An orc wizard (D:5)
  6 adders
  2 gnolls
  An ufetubus (D:5)
  A worm (D:2)
  4 dart slugs
  10 orcs
  11 ball pythons
  8 bats
  3 endoplasms
  4 giant cockroaches
  4 goblins
  14 hobgoblins
  7 jackals
  7 quokkas
  6 frilled lizards
  7 kobolds
  11 rats
141 creatures vanquished.

Vanquished Creatures (others)
  2 dancing weapons
  A fungus (D:3)
3 creatures vanquished.

Grand Total: 144 creatures vanquished

Notes
Turn   | Place    | Note
-------+----------+-------------------------------------------
     0 | D:5      | sleeves the Octopode Delver began the quest for the Orb.
     0 | D:5      | Reached XP level 1. HP: 16/16 MP: 1/1
    48 | D:5      | Noticed a hound
    53 | D:5      | Noticed a howler monkey
    63 | D:5      | Noticed an iguana
   147 | D:5      | Found a runed translucent door.
   191 | D:5      | Noticed a scorpion
   266 | D:5      | Noticed an ogre
   267 | D:5      | Noticed an orc wizard
   303 | D:4      | Noticed a scorpion
   387 | D:3      | Reached skill level 7 in Stealth
   400 | D:3      | Found a white marble altar of Elyvilon.
   402 | D:3      | Reached XP level 2. HP: 19/21 MP: 2/2
   405 | D:3      | Found a glowing silver altar of Zin.
   435 | D:3      | Found a glowing golden altar of the Shining One.
   755 | D:2      | Reached XP level 3. HP: 20/26 MP: 3/3
   837 | D:2      | Reached skill level 8 in Stealth
  1202 | D:1      | HP: 13/26 [quokka (3)]
  1582 | D:1      | Reached XP level 4. HP: 27/31 MP: 4/4
  1901 | D:1      | Found Bely's Distillery.
  2675 | D:2      | Identified the +1 helmet of Riff {rC+}
  3006 | D:3      | Reached skill level 3 in Short Blades
  3006 | D:3      | Reached XP level 5. HP: 22/36 MP: 5/5
  3154 | D:3      | Found a faded altar of an unknown god.
  3209 | D:3      | Found a basalt altar of Yredelemnul.
  3213 | D:3      | Found a sparkling altar of Nemelex Xobeh.
  3218 | D:3      | Found a stormy altar of Qazlal.
  3533 | D:4      | Noticed Dowan
  3539 | D:4      | Noticed Duvessa
  3664 | D:4      | Reached skill level 9 in Stealth
  4145 | D:4      | Killed Dowan
  4146 | D:4      | Reached XP level 6. HP: 42/42 MP: 6/6
  4177 | D:4      | HP: 12/42 [Duvessa/+1 short sword of venom (21)]
  4179 | D:4      | HP: 3/42 [poisoned by Duvessa]
  4184 | D:4      | HP: 14/42 [poisoned by Duvessa]
  4190 | D:4      | HP: 9/42 [poisoned by Duvessa]
  4661 | D:5      | Noticed Menkaure
  4662 | D:5      | Killed Menkaure
  4663 | D:5      | Reached skill level 4 in Short Blades
  4663 | D:5      | Reached skill level 10 in Stealth
  4664 | D:5      | Noticed PyroL's ghost (novice DrIE)
  4736 | D:5      | HP: 17/42 [iguana (14)]
  4740 | D:5      | HP: 3/42 [phantom (7)]
  5002 | D:5      | Reached XP level 7. HP: 41/46 MP: 7/7
  5039 | D:6      | HP: 23/46 [adder (2)]
  5042 | D:6      | Reached skill level 5 in Short Blades
  5044 | D:6      | HP: 20/46 [poisoned by an adder]
  5317 | D:5      | HP: 19/46 [phantom (6)]
  5771 | D:6      | HP: 19/46 [something (6)]
  5776 | D:6      | HP: 9/46 [sky beast (2)]
  5776 | D:6      | HP: 4/46 [sky beast (5)]
  5778 | D:6      | Reached skill level 11 in Stealth
  6703 | D:6      | Reached skill level 6 in Short Blades
  6703 | D:6      | Reached XP level 8. HP: 52/52 MP: 8/8
  7075 | D:7      | Found a shimmering altar of Xom.
  7225 | D:7      | Learned a level 3 spell: Confusing Touch
  7229 | D:7      | Learned a level 3 spell: Tukima's Dance
  7348 | D:8      | Noticed Joseph
  7496 | D:9      | Noticed Erica
  7501 | D:9      | Killed Erica
  7502 | D:9      | Reached skill level 12 in Stealth
  7502 | D:9      | Reached skill level 2 in Spellcasting
  7502 | D:9      | Reached skill level 3 in Hexes
  7626 | D:9      | Noticed a yak
  7638 | D:9      | Noticed a yak
  7677 | D:9      | Noticed a two-headed ogre
  7719 | D:9      | Noticed a wyvern
  7769 | D:9      | Noticed a yak
  7769 | D:9      | Noticed a yak
  7769 | D:9      | Noticed a yak
  7773 | D:9      | Reached skill level 3 in Spellcasting
  7773 | D:9      | Reached XP level 9. HP: 56/56 MP: 13/13
  7791 | D:9      | Reached skill level 13 in Stealth
  7890 | D:9      | Reached skill level 4 in Hexes
  7930 | D:9      | HP: 28/56 [orc warrior (11)]
  7938 | D:9      | HP: 14/56 [yak (17)]
  8181 | D:9      | Noticed a hornet
  8193 | D:9      | Reached skill level 4 in Spellcasting
  8381 | D:8      | Found a staircase to the Lair.
  8427 | D:8      | HP: 17/56 [ice beast (14)]
  8809 | D:7      | Found a staircase to the Ecumenical Temple.
  8835 | Temple   | Entered the Ecumenical Temple
  9199 | D:5      | Reached skill level 5 in Hexes
  9425 | D:5      | Reached skill level 14 in Stealth
  9625 | D:5      | Reached skill level 5 in Spellcasting
  9885 | D:5      | Noticed a two-headed ogre
  9928 | D:4      | HP: 27/56 [poisoned by Duvessa]
  9931 | D:4      | HP: 6/56 [Duvessa/+1 short sword of venom (15)]
  9932 | D:4      | Slain by Duvessa

Illustrated notes

Levels and vault maps discovered:
D:1:      lemuel_arrival_cross, layout_basic, serial_shops,
          nicolae_lakefront_shop
D:2:      layout_basic, kennysheep_generic_room_14
D:3:      layout_loops_cross, good_gods_mini_temple,
          grunt_temple_overflow_diamond, shapermc_ecumenical_altar_acropolis
D:4:      layout_cave_pods, chequers_serial_rivers_marsh, uniq_duvessa
D:5:      minmay_chambers_of_fours, layout_rooms, nicolae_ossuary_entry_ruins,
          ebering_ghost_sewer_d, uniq_menkaure
D:6:      layout_layer_cave, amcnicky_mini_corridor_feature
D:7:      layout_rooms, mainiacjoe_overflow_alcove_1,
          minmay_temple_entry_proselytizer
D:8:      cheibrodos_two_vegetables, layout_layer_cave, dpeg_oklobed_lair,
          minmay_misc_feat_x, uniq_joseph
D:9:      layout_basic, kennysheep_mini_moat,
          mainiacjoe_overflow_large_starburst, uniq_gastronok, uniq_erica
Temple:   nicolae_temple_bog_church

Skill      XL: |  1  2  3  4  5  6  7  8  9 |
---------------+----------------------------+-----
Stealth        | 7 8 9 10 11 12 14 | 14.2
Short Blades   | 3 4 6 |  6.4
Spellcasting   | 3 5 |  5.0
Hexes          | 3 5 |  5.5
Fighting       | |  3.0
Dodging        | |  2.0

Action                   |  1- 3 |  4- 6 |  7- 9 || total
-------------------------+-------+-------+-------++-------
Melee: Short sword       |    61 |       |   150 ||   211
       Constrict         |    15 |    25 |    18 ||    58
       Tentacles         |    11 |    31 |    43 ||    85
       Dagger            |    15 |   123 |    16 ||   154
       Punch             |     1 |     1 |     3 ||     5
 Cast: Confusing Touch   |       |       |    17 ||    17
       Tukima's Dance    |       |       |     2 ||     2
Evoke: Wand              |       |       |     1 ||     1
  Use: Scroll            |     1 |     2 |    12 ||    15
       Potion            |       |     4 |     7 ||    11
 Stab: Sleeping          |    20 |    22 |    16 ||    58
       Distracted        |       |     1 |     2 ||     3
       Confused          |       |       |     8 ||     8
Armor: Skin              |     4 |     7 |     4 ||    15
Dodge: Dodged            |    25 |    62 |    77 ||   164
